[ AOE2 MATCH · #477762441 ]
UnrankedRomans vs Vietnamese
[ REPLAY ANALYSIS · EXTRACTED FROM THE RECORDED GAME ]
Feudal
10:19
Castle
29:00
Imperial
—
| APM avg | 21.2 |
| APM peak | 58 |
| eAPM avg | 9.8 |
| Villagers / military | 70 / 54 |
Focus
⚔️ 29.7% · 🌾 70.3%
Militia ×29 · Spearman ×16 · Scorpion ×9
Feudal
12:20
Castle
28:19
Imperial
45:56
| APM avg | 43.5 |
| APM peak | 96 |
| eAPM avg | 18.6 |
| Villagers / military | 86 / 160 |
Focus
⚔️ 32.9% · 🌾 67.1%
Archer ×81 · Spearman ×69 · Battering Ram ×4 · Skirmisher ×3 · Trebuchet (Packed) ×3
Feudal
10:52
Castle
25:58
Imperial
34:33
| APM avg | 37.2 |
| APM peak | 112 |
| eAPM avg | 19.3 |
| Villagers / military | 127 / 88 |
Focus
⚔️ 34.1% · 🌾 65.9%
Battle Elephant ×31 · Ballista Elephant ×27 · Scout Cavalry ×26 · Trebuchet (Packed) ×4
Feudal
11:25
Castle
20:20
Imperial
42:29
| APM avg | 41.5 |
| APM peak | 83 |
| eAPM avg | 19.8 |
| Villagers / military | 107 / 168 |
Focus
⚔️ 36.6% · 🌾 63.4%
Knight ×123 · Scout Cavalry ×35 · Spearman ×9 · Monk ×1
Feudal
11:21
Castle
17:15
Imperial
40:13
| APM avg | 43.7 |
| APM peak | 78 |
| eAPM avg | 15.4 |
| Villagers / military | 143 / 152 |
Focus
⚔️ 28.2% · 🌾 71.8%
Spearman ×117 · Cavalry Archer ×35
Feudal
10:15
Castle
23:23
Imperial
—
| APM avg | 55.4 |
| APM peak | 84 |
| eAPM avg | 23.3 |
| Villagers / military | 150 / 53 |
Focus
⚔️ 33.5% · 🌾 66.5%
Spearman ×53 · Unknown (2586) ×49 · Unknown (2562) ×43 · Unknown (2550) ×27
Feudal
15:00
Castle
23:26
Imperial
—
| APM avg | 23.5 |
| APM peak | 46 |
| eAPM avg | 16.0 |
| Villagers / military | 78 / 108 |
Focus
⚔️ 32.4% · 🌾 67.6%
Spearman ×73 · Huskarl ×17 · Militia ×10 · Monk ×3 · Battering Ram ×3 · Mangonel ×2
Feudal
9:46
Castle
23:41
Imperial
—
| APM avg | 68.9 |
| APM peak | 131 |
| eAPM avg | 31.5 |
| Villagers / military | 184 / 252 |
Focus
⚔️ 30.1% · 🌾 69.9%
Scout Cavalry ×174 · Magyar Huszar ×48 · Knight ×29 · Spearman ×1
Match map
Initial resources + every placement click. Lines = walls · curves = elevation contours. ◆ gold · ⬟ stone · ● berries · ✦ relic · ◌ wall gap
Your base· Open — 1t gap
Scipper's base· Open — 2t gap
cnyang's base· Open — 6t gap
matt.rielly.lewis's base· Open — unwalled flank
aykc's base· Open — 3t gap
cdb's base· Open — unwalled flank
藍朽's base· Open — unwalled flank
tlftommy's base· Open — unwalled flank
Smoothed initial terrain · ◌ = detected wall gap · hover for details
Inputs per minute
— pong0109 - - Scipper
Build order — pong0109
First 150 of 224 actions detected
| 0:01 | Create | Villager (Male) |
| 0:01 | Create | Villager (Male) |
| 0:02 | Create | Villager (Male) |
| 0:02 | Create | Villager (Male) |
| 0:04 | Build | House |
| 0:06 | Build | House |
| 1:34 | Create | Villager (Male) |
| 1:35 | Create | Villager (Male) |
| 2:30 | Build | Lumber Camp |
| 2:31 | Create | Villager (Male) |
| 2:31 | Create | Villager (Male) |
| 2:32 | Create | Villager (Male) |
| 2:53 | Create | Villager (Male) |
| 2:53 | Create | Villager (Male) |
| 3:13 | Create | Villager (Male) |
| 3:14 | Create | Villager (Male) |
| 3:33 | Create | Villager (Male) |
| 3:33 | Create | Villager (Male) |
| 3:48 | Create | Villager (Male) |
| 3:49 | Create | Villager (Male) |
| 4:26 | Build | House |
| 4:27 | Build | House |
| 5:07 | Build | Mill |
| 5:10 | Create | Villager (Male) |
| 5:10 | Create | Villager (Male) |
| 5:36 | Create | Villager (Male) |
| 5:37 | Create | Villager (Male) |
| 5:37 | Create | Villager (Male) |
| 6:33 | Build | Mining Camp |
| 6:40 | Create | Villager (Male) |
| 6:44 | Research | Loom |
| 7:11 | Create | Villager (Male) |
| 7:11 | Create | Villager (Male) |
| 7:42 | Build | House |
| 8:03 | Research | Feudal Age |
| 8:04 | Research | Feudal Age |
| 8:09 | Research | Feudal Age |
| 8:49 | Build | Barracks |
| 9:18 | Build | House |
| 9:40 | Build | House |
| 9:51 | Create | Militia |
| 9:52 | Create | Militia |
| 9:52 | Create | Militia |
| 9:58 | Create | Villager (Male) |
| 9:59 | Create | Villager (Male) |
| 10:19 | Age | Feudal Age |
| 10:31 | Build | Palisade Wall |
| 10:35 | Create | Spearman |
| 10:36 | Create | Spearman |
| 10:51 | Build | Palisade Gate |
| 10:55 | Create | Villager (Male) |
| 10:56 | Create | Villager (Male) |
| 11:03 | Research | Double-Bit Axe |
| 11:16 | Build | Stable |
| 11:45 | Create | Villager (Male) |
| 11:46 | Create | Villager (Male) |
| 12:08 | Create | Villager (Male) |
| 12:17 | Build | Farm |
| 12:20 | Build | Farm |
| 12:21 | Build | Farm |
| 12:22 | Build | Farm |
| 12:42 | Build | House |
| 12:47 | Create | Villager (Male) |
| 13:23 | Create | Villager (Male) |
| 13:23 | Create | Villager (Male) |
| 13:38 | Build | House |
| 13:54 | Build | Farm |
| 13:57 | Build | Farm |
| 13:59 | Build | Farm |
| 14:01 | Build | Farm |
| 14:09 | Research | Man-at-Arms (upgrade) |
| 14:27 | Build | House |
| 14:46 | Create | Villager (Male) |
| 14:47 | Create | Villager (Male) |
| 15:04 | Build | Blacksmith |
| 15:42 | Create | Villager (Male) |
| 15:43 | Create | Villager (Male) |
| 15:45 | Create | Villager (Male) |
| 15:49 | Build | Farm |
| 15:50 | Build | Farm |
| 16:00 | Research | Gold Mining |
| 16:29 | Create | Militia |
| 16:30 | Create | Militia |
| 17:14 | Research | Scale Mail Armor |
| 17:30 | Create | Villager (Male) |
| 17:30 | Create | Villager (Male) |
| 17:31 | Create | Villager (Male) |
| 17:42 | Build | Palisade Wall |
| 18:12 | Build | House |
| 18:26 | Build | Farm |
| 18:27 | Build | Farm |
| 18:43 | Build | Watch Tower |
| 19:19 | Research | Fletching |
| 19:23 | Research | Forging |
| 19:26 | Create | Militia |
| 19:26 | Create | Militia |
| 19:27 | Create | Militia |
| 19:27 | Create | Militia |
| 19:27 | Create | Militia |
| 19:46 | Create | Militia |
| 19:46 | Create | Militia |
| 20:03 | Create | Villager (Male) |
| 20:03 | Create | Villager (Male) |
| 20:19 | Build | Palisade Wall |
| 20:28 | Build | Lumber Camp |
| 20:38 | Build | Farm |
| 21:01 | Build | House |
| 21:02 | Build | House |
| 21:15 | Build | Palisade Gate |
| 22:06 | Build | House |
| 22:15 | Create | Militia |
| 22:15 | Create | Militia |
| 22:16 | Create | Militia |
| 22:29 | Build | Stone Wall |
| 22:38 | Create | Militia |
| 22:39 | Create | Militia |
| 22:39 | Create | Militia |
| 22:55 | Create | Villager (Male) |
| 22:55 | Create | Villager (Male) |
| 22:55 | Create | Villager (Male) |
| 23:11 | Build | Mill |
| 23:23 | Build | House |
| 23:28 | Build | Farm |
| 23:41 | Build | Stone Wall |
| 23:45 | Build | Farm |
| 23:45 | Build | Farm |
| 23:46 | Build | Farm |
| 23:55 | Create | Villager (Male) |
| 23:55 | Create | Villager (Male) |
| 23:57 | Research | Wheelbarrow |
| 24:06 | Create | Militia |
| 24:06 | Create | Militia |
| 24:13 | Build | Farm |
| 24:42 | Build | House |
| 24:52 | Build | Farm |
| 25:00 | Create | Villager (Male) |
| 25:01 | Create | Villager (Male) |
| 25:13 | Create | Villager (Male) |
| 25:37 | Create | Militia |
| 25:37 | Create | Militia |
| 25:37 | Create | Militia |
| 26:20 | Research | Castle Age |
| 26:37 | Create | Militia |
| 26:38 | Create | Militia |
| 27:02 | Build | House |
| 27:10 | Create | Spearman |
| 27:10 | Create | Spearman |
| 27:10 | Create | Spearman |
| 27:11 | Create | Spearman |
| 27:11 | Create | Spearman |
Build order — Scipper
First 150 of 363 actions detected
| 0:01 | Create | Villager (Male) |
| 0:02 | Create | Villager (Male) |
| 0:02 | Create | Villager (Male) |
| 0:02 | Create | Villager (Male) |
| 0:04 | Build | House |
| 0:07 | Build | House |
| 1:53 | Create | Villager (Male) |
| 1:54 | Create | Villager (Male) |
| 2:29 | Create | Villager (Male) |
| 2:30 | Create | Villager (Male) |
| 2:50 | Create | Villager (Male) |
| 2:50 | Create | Villager (Male) |
| 3:23 | Create | Villager (Male) |
| 3:24 | Create | Villager (Male) |
| 3:46 | Build | Lumber Camp |
| 3:51 | Create | Villager (Male) |
| 3:52 | Create | Villager (Male) |
| 4:20 | Build | House |
| 4:21 | Create | Villager (Male) |
| 4:21 | Create | Villager (Male) |
| 4:50 | Create | Villager (Male) |
| 4:51 | Create | Villager (Male) |
| 4:59 | Build | Mill |
| 5:02 | Create | Villager (Male) |
| 5:02 | Create | Villager (Male) |
| 5:48 | Create | Villager (Male) |
| 5:48 | Create | Villager (Male) |
| 6:07 | Research | Loom |
| 6:14 | Create | Villager (Male) |
| 6:14 | Create | Villager (Male) |
| 6:15 | Create | Villager (Male) |
| 6:47 | Create | Villager (Male) |
| 6:47 | Create | Villager (Male) |
| 7:09 | Build | House |
| 7:23 | Create | Villager (Male) |
| 7:39 | Create | Villager (Male) |
| 8:50 | Create | Villager (Male) |
| 8:50 | Create | Villager (Male) |
| 9:31 | Build | Mining Camp |
| 9:41 | Create | Villager (Male) |
| 10:10 | Research | Feudal Age |
| 10:16 | Build | Lumber Camp |
| 10:28 | Build | Farm |
| 11:21 | Build | Barracks |
| 11:33 | Build | Farm |
| 12:01 | Build | Farm |
| 12:20 | Age | Feudal Age |
| 12:23 | Build | Archery Range |
| 12:30 | Create | Villager (Male) |
| 12:30 | Create | Villager (Male) |
| 12:39 | Build | House |
| 12:46 | Build | House |
| 12:48 | Build | House |
| 13:03 | Create | Spearman |
| 13:03 | Create | Spearman |
| 13:03 | Create | Spearman |
| 13:27 | Build | Archery Range |
| 13:48 | Create | Archer |
| 13:48 | Create | Archer |
| 14:40 | Create | Archer |
| 14:42 | Create | Archer |
| 15:27 | Create | Archer |
| 15:27 | Create | Archer |
| 15:45 | Create | Archer |
| 15:45 | Create | Archer |
| 15:46 | Create | Archer |
| 15:46 | Create | Archer |
| 16:01 | Create | Spearman |
| 16:06 | Create | Archer |
| 16:06 | Create | Archer |
| 16:06 | Create | Archer |
| 16:32 | Build | Lumber Camp |
| 16:58 | Create | Villager (Male) |
| 16:59 | Create | Villager (Male) |
| 16:59 | Create | Villager (Male) |
| 16:59 | Create | Villager (Male) |
| 17:12 | Build | Lumber Camp |
| 17:34 | Create | Villager (Male) |
| 17:39 | Build | Blacksmith |
| 17:44 | Build | House |
| 18:07 | Create | Villager (Male) |
| 18:07 | Create | Villager (Male) |
| 18:13 | Build | House |
| 18:15 | Build | House |
| 18:16 | Build | House |
| 18:18 | Build | House |
| 18:27 | Create | Villager (Male) |
| 18:27 | Create | Villager (Male) |
| 18:54 | Build | Lumber Camp |
| 19:12 | Create | Villager (Male) |
| 19:19 | Build | Mining Camp |
| 19:21 | Create | Villager (Male) |
| 19:21 | Create | Villager (Male) |
| 19:21 | Create | Villager (Male) |
| 20:02 | Create | Villager (Male) |
| 20:14 | Build | Farm |
| 20:16 | Build | Farm |
| 20:24 | Build | Farm |
| 20:27 | Build | Farm |
| 20:33 | Research | Double-Bit Axe |
| 20:45 | Create | Spearman |
| 20:45 | Create | Spearman |
| 21:25 | Create | Villager (Male) |
| 21:56 | Create | Villager (Male) |
| 22:20 | Create | Villager (Male) |
| 22:24 | Build | Farm |
| 22:25 | Build | Farm |
| 22:38 | Build | Farm |
| 22:47 | Build | Farm |
| 22:48 | Build | Farm |
| 22:49 | Build | Farm |
| 22:58 | Create | Spearman |
| 22:59 | Create | Spearman |
| 23:05 | Build | Farm |
| 23:19 | Build | Farm |
| 23:25 | Build | Farm |
| 23:33 | Build | House |
| 23:50 | Build | House |
| 23:51 | Build | House |
| 23:54 | Build | House |
| 24:03 | Build | Farm |
| 24:20 | Build | Market |
| 25:19 | Build | Farm |
| 25:25 | Build | Farm |
| 25:39 | Research | Castle Age |
| 25:40 | Research | Castle Age |
| 25:54 | Create | Archer |
| 25:55 | Create | Archer |
| 25:55 | Create | Archer |
| 25:55 | Create | Archer |
| 26:30 | Research | Horse Collar |
| 27:28 | Research | Fletching |
| 28:10 | Build | Palisade Wall |
| 28:13 | Build | Gate |
| 28:19 | Age | Castle Age |
| 28:39 | Create | Villager (Male) |
| 28:40 | Create | Villager (Male) |
| 28:40 | Create | Villager (Male) |
| 28:45 | Build | Town Center |
| 28:59 | Build | Castle |
| 29:37 | Create | Villager (Male) |
| 29:46 | Build | Gate |
| 29:49 | Build | Stone Wall |
| 30:07 | Create | Spearman |
| 30:07 | Create | Spearman |
| 30:07 | Create | Spearman |
| 30:11 | Research | Crossbowman (upgrade) |
| 30:13 | Research | Bodkin Arrow |
| 30:20 | Build | Mining Camp |
| 30:24 | Build | Siege Workshop |
Build order — cnyang
First 150 of 394 actions detected
| 0:01 | Create | Villager (Male) |
| 0:01 | Create | Villager (Male) |
| 0:03 | Build | House |
| 0:06 | Build | House |
| 0:12 | Create | Villager (Male) |
| 0:12 | Create | Villager (Male) |
| 0:13 | Create | Villager (Male) |
| 1:25 | Create | Villager (Male) |
| 1:59 | Build | Lumber Camp |
| 2:13 | Create | Villager (Male) |
| 2:13 | Create | Villager (Male) |
| 2:24 | Create | Villager (Male) |
| 2:24 | Create | Villager (Male) |
| 3:02 | Create | Villager (Male) |
| 3:25 | Research | Loom |
| 3:25 | Create | Villager (Male) |
| 4:19 | Create | Villager (Male) |
| 4:38 | Build | House |
| 4:48 | Create | Villager (Male) |
| 4:48 | Create | Villager (Male) |
| 5:05 | Build | House |
| 5:08 | Build | House |
| 5:11 | Build | Palisade Wall |
| 5:26 | Create | Villager (Male) |
| 5:27 | Create | Villager (Male) |
| 5:27 | Create | Villager (Male) |
| 5:34 | Build | Palisade Wall |
| 5:52 | Build | Palisade Wall |
| 6:15 | Build | Mill |
| 6:19 | Build | Palisade Wall |
| 6:21 | Build | Palisade Wall |
| 6:29 | Build | Palisade Wall |
| 6:33 | Build | Palisade Wall |
| 6:34 | Build | Palisade Wall |
| 6:35 | Build | Palisade Wall |
| 6:36 | Build | Palisade Wall |
| 6:42 | Build | Palisade Wall |
| 6:54 | Build | Palisade Wall |
| 7:02 | Create | Villager (Male) |
| 7:10 | Build | Palisade Wall |
| 7:22 | Create | Villager (Male) |
| 7:27 | Create | Villager (Male) |
| 7:33 | Create | Villager (Male) |
| 7:50 | Build | Palisade Wall |
| 7:52 | Build | Palisade Wall |
| 7:54 | Build | Palisade Wall |
| 7:56 | Build | Palisade Wall |
| 7:58 | Build | Palisade Wall |
| 8:01 | Build | Palisade Wall |
| 8:05 | Create | Villager (Male) |
| 8:20 | Create | Villager (Male) |
| 8:26 | Research | Feudal Age |
| 8:26 | Research | Feudal Age |
| 8:57 | Create | Villager (Male) |
| 8:59 | Create | Villager (Male) |
| 9:46 | Build | Farm |
| 10:03 | Build | Farm |
| 10:12 | Build | Farm |
| 10:24 | Build | Farm |
| 10:52 | Age | Feudal Age |
| 10:54 | Build | Farm |
| 11:28 | Build | Stable |
| 11:33 | Create | Villager (Male) |
| 11:46 | Create | Villager (Male) |
| 12:12 | Create | Scout Cavalry |
| 12:12 | Create | Scout Cavalry |
| 12:21 | Build | Farm |
| 12:28 | Build | Farm |
| 12:30 | Research | Double-Bit Axe |
| 12:30 | Research | Double-Bit Axe |
| 12:52 | Build | Farm |
| 12:53 | Create | Scout Cavalry |
| 13:01 | Create | Villager (Male) |
| 13:02 | Create | Villager (Male) |
| 13:03 | Create | Villager (Male) |
| 13:05 | Create | Villager (Male) |
| 13:18 | Create | Scout Cavalry |
| 14:06 | Build | Farm |
| 14:11 | Build | House |
| 14:16 | Build | House |
| 14:24 | Build | House |
| 14:26 | Build | House |
| 14:32 | Create | Scout Cavalry |
| 14:35 | Create | Villager (Male) |
| 14:38 | Research | Horse Collar |
| 14:38 | Research | Horse Collar |
| 14:55 | Create | Villager (Male) |
| 14:57 | Create | Scout Cavalry |
| 15:13 | Build | Palisade Wall |
| 15:15 | Build | Farm |
| 15:19 | Build | Palisade Wall |
| 15:25 | Create | Villager (Male) |
| 15:30 | Build | Mining Camp |
| 15:34 | Build | Farm |
| 15:43 | Create | Scout Cavalry |
| 15:53 | Build | Farm |
| 15:55 | Build | Farm |
| 15:58 | Build | Farm |
| 16:03 | Build | Farm |
| 16:08 | Create | Villager (Male) |
| 16:17 | Create | Villager (Male) |
| 16:28 | Build | Blacksmith |
| 16:31 | Create | Villager (Male) |
| 16:35 | Build | Farm |
| 16:38 | Build | Farm |
| 16:39 | Create | Villager (Male) |
| 17:02 | Create | Scout Cavalry |
| 17:03 | Create | Scout Cavalry |
| 17:17 | Create | Villager (Male) |
| 17:34 | Build | Stable |
| 17:38 | Build | Farm |
| 17:42 | Build | House |
| 17:46 | Build | House |
| 18:04 | Create | Scout Cavalry |
| 19:00 | Create | Scout Cavalry |
| 19:01 | Create | Scout Cavalry |
| 19:21 | Create | Villager (Male) |
| 19:21 | Create | Villager (Male) |
| 19:21 | Create | Villager (Male) |
| 19:25 | Build | Farm |
| 19:35 | Create | Scout Cavalry |
| 19:41 | Research | Scale Barding Armor |
| 19:51 | Build | Farm |
| 20:01 | Build | Farm |
| 20:02 | Create | Scout Cavalry |
| 20:36 | Create | Scout Cavalry |
| 20:37 | Create | Scout Cavalry |
| 20:47 | Build | Farm |
| 20:48 | Create | Villager (Male) |
| 21:02 | Create | Scout Cavalry |
| 21:03 | Create | Scout Cavalry |
| 21:09 | Build | Farm |
| 21:10 | Build | Farm |
| 21:10 | Build | Farm |
| 21:11 | Build | Farm |
| 21:11 | Build | Farm |
| 21:11 | Build | Farm |
| 21:16 | Build | House |
| 21:17 | Build | House |
| 21:28 | Create | Villager (Male) |
| 21:29 | Create | Villager (Male) |
| 21:31 | Build | House |
| 21:41 | Create | Villager (Male) |
| 21:47 | Create | Villager (Male) |
| 21:56 | Build | Farm |
| 22:19 | Build | Farm |
| 22:29 | Build | House |
| 22:30 | Build | Palisade Wall |
| 22:32 | Build | Palisade Wall |
| 22:46 | Build | Palisade Wall |
Build order — matt.rielly.lewis
First 150 of 416 actions detected
| 0:01 | Create | Villager (Male) |
| 0:02 | Create | Villager (Male) |
| 0:02 | Create | Villager (Male) |
| 0:02 | Create | Villager (Male) |
| 0:03 | Build | House |
| 0:05 | Build | House |
| 1:34 | Create | Villager (Male) |
| 2:08 | Create | Villager (Male) |
| 2:33 | Build | Lumber Camp |
| 2:35 | Create | Villager (Male) |
| 2:54 | Create | Villager (Male) |
| 3:13 | Create | Villager (Male) |
| 3:35 | Build | House |
| 3:36 | Build | House |
| 3:42 | Create | Villager (Male) |
| 4:01 | Create | Villager (Male) |
| 4:24 | Create | Villager (Male) |
| 4:58 | Create | Villager (Male) |
| 4:58 | Create | Villager (Male) |
| 5:09 | Build | Mill |
| 5:50 | Create | Villager (Male) |
| 5:58 | Create | Villager (Male) |
| 6:08 | Create | Villager (Male) |
| 6:08 | Create | Villager (Male) |
| 6:09 | Create | Villager (Male) |
| 6:42 | Create | Villager (Male) |
| 7:56 | Build | Barracks |
| 7:58 | Build | House |
| 8:08 | Create | Villager (Male) |
| 8:49 | Research | Loom |
| 8:49 | Research | Feudal Age |
| 8:53 | Build | Mining Camp |
| 9:20 | Build | House |
| 9:25 | Build | House |
| 10:36 | Build | Farm |
| 10:39 | Build | Farm |
| 10:41 | Build | Farm |
| 10:48 | Build | Farm |
| 10:51 | Create | Villager (Male) |
| 10:59 | Build | Farm |
| 11:09 | Build | Farm |
| 11:11 | Build | Farm |
| 11:18 | Create | Villager (Male) |
| 11:25 | Age | Feudal Age |
| 11:25 | Research | Double-Bit Axe |
| 11:30 | Create | Spearman |
| 11:30 | Create | Spearman |
| 11:40 | Build | House |
| 11:44 | Build | Palisade Wall |
| 11:51 | Build | Palisade Gate |
| 12:09 | Build | Farm |
| 12:13 | Build | Farm |
| 12:16 | Create | Villager (Male) |
| 12:16 | Create | Villager (Male) |
| 12:26 | Build | Farm |
| 12:30 | Build | Farm |
| 12:52 | Create | Villager (Male) |
| 13:05 | Build | Stable |
| 13:10 | Create | Villager (Male) |
| 13:16 | Build | House |
| 13:23 | Build | House |
| 13:25 | Build | House |
| 13:39 | Build | Farm |
| 13:42 | Build | Farm |
| 13:43 | Create | Villager (Male) |
| 13:58 | Build | Farm |
| 14:00 | Create | Villager (Male) |
| 14:08 | Create | Spearman |
| 14:09 | Create | Spearman |
| 14:20 | Build | Farm |
| 14:47 | Create | Villager (Male) |
| 14:48 | Create | Villager (Male) |
| 14:51 | Build | Farm |
| 15:04 | Create | Villager (Male) |
| 15:15 | Build | Farm |
| 15:19 | Build | Farm |
| 15:23 | Build | Farm |
| 15:26 | Build | Farm |
| 15:46 | Create | Villager (Male) |
| 16:13 | Build | Blacksmith |
| 16:18 | Create | Villager (Male) |
| 17:02 | Create | Villager (Male) |
| 17:04 | Research | Castle Age |
| 17:26 | Build | Stable |
| 17:29 | Build | Stable |
| 17:34 | Research | Scale Barding Armor |
| 17:40 | Research | Castle Age |
| 18:01 | Research | Gold Mining |
| 18:33 | Build | House |
| 18:35 | Build | House |
| 20:20 | Age | Castle Age |
| 20:30 | Build | Town Center |
| 20:33 | Create | Knight |
| 20:33 | Create | Knight |
| 20:33 | Create | Knight |
| 20:35 | Create | Knight |
| 20:35 | Create | Knight |
| 20:35 | Create | Knight |
| 20:37 | Create | Knight |
| 20:41 | Build | House |
| 20:43 | Research | Forging |
| 20:45 | Create | Villager (Male) |
| 20:45 | Create | Villager (Male) |
| 21:32 | Research | Chain Barding Armor |
| 21:42 | Research | Husbandry |
| 21:53 | Research | Light Cavalry (upgrade) |
| 21:54 | Create | Scout Cavalry |
| 21:54 | Create | Scout Cavalry |
| 21:54 | Create | Scout Cavalry |
| 21:55 | Create | Villager (Male) |
| 21:56 | Create | Villager (Male) |
| 22:01 | Build | Farm |
| 22:06 | Build | Farm |
| 22:06 | Build | Farm |
| 22:06 | Build | Farm |
| 22:07 | Build | Farm |
| 22:21 | Create | Spearman |
| 22:21 | Create | Spearman |
| 22:43 | Create | Spearman |
| 22:56 | Create | Knight |
| 22:57 | Create | Knight |
| 22:59 | Create | Villager (Male) |
| 22:59 | Create | Villager (Male) |
| 23:02 | Build | Farm |
| 24:19 | Create | Knight |
| 24:19 | Create | Knight |
| 24:19 | Create | Scout Cavalry |
| 24:20 | Create | Knight |
| 24:36 | Create | Knight |
| 24:36 | Create | Knight |
| 24:37 | Create | Villager (Male) |
| 24:37 | Create | Villager (Male) |
| 24:38 | Create | Villager (Male) |
| 25:08 | Create | Knight |
| 25:15 | Create | Scout Cavalry |
| 25:43 | Create | Knight |
| 25:46 | Create | Villager (Male) |
| 25:47 | Create | Villager (Male) |
| 25:47 | Create | Villager (Male) |
| 25:50 | Build | Farm |
| 25:51 | Build | Farm |
| 25:51 | Build | Farm |
| 25:57 | Research | Bow Saw |
| 26:01 | Build | House |
| 26:02 | Build | House |
| 26:03 | Build | House |
| 26:23 | Research | Pikeman (upgrade) |
| 26:23 | Create | Spearman |
| 26:23 | Create | Spearman |
| 26:25 | Create | Knight |
Build order — aykc
First 150 of 349 actions detected
| 0:01 | Create | Villager (Male) |
| 0:01 | Create | Villager (Male) |
| 0:03 | Build | House |
| 0:05 | Build | House |
| 0:13 | Create | Villager (Male) |
| 0:13 | Create | Villager (Male) |
| 0:14 | Create | Villager (Male) |
| 1:41 | Create | Villager (Male) |
| 1:41 | Create | Villager (Male) |
| 1:51 | Create | Villager (Male) |
| 1:51 | Create | Villager (Male) |
| 2:23 | Create | Villager (Male) |
| 2:23 | Create | Villager (Male) |
| 2:48 | Create | Villager (Male) |
| 2:48 | Create | Villager (Male) |
| 3:06 | Create | Villager (Male) |
| 3:40 | Create | Villager (Male) |
| 3:40 | Create | Villager (Male) |
| 3:50 | Build | House |
| 4:03 | Create | Villager (Male) |
| 4:04 | Create | Villager (Male) |
| 4:18 | Create | Villager (Male) |
| 4:18 | Create | Villager (Male) |
| 4:18 | Create | Villager (Male) |
| 4:44 | Create | Villager (Male) |
| 4:44 | Create | Villager (Male) |
| 4:54 | Create | Villager (Male) |
| 4:54 | Create | Villager (Male) |
| 5:18 | Build | House |
| 5:22 | Create | Villager (Male) |
| 5:22 | Create | Villager (Male) |
| 5:22 | Create | Villager (Male) |
| 5:28 | Build | Lumber Camp |
| 5:39 | Create | Villager (Male) |
| 5:48 | Create | Villager (Male) |
| 5:48 | Create | Villager (Male) |
| 5:49 | Create | Villager (Male) |
| 5:56 | Create | Villager (Male) |
| 5:56 | Create | Villager (Male) |
| 6:15 | Create | Villager (Male) |
| 6:15 | Create | Villager (Male) |
| 6:24 | Create | Villager (Male) |
| 6:24 | Create | Villager (Male) |
| 6:50 | Create | Villager (Male) |
| 6:50 | Create | Villager (Male) |
| 6:59 | Build | Mill |
| 7:10 | Create | Villager (Male) |
| 7:11 | Create | Villager (Male) |
| 7:18 | Create | Villager (Male) |
| 7:18 | Create | Villager (Male) |
| 7:39 | Create | Villager (Male) |
| 7:50 | Build | House |
| 8:45 | Research | Loom |
| 8:45 | Research | Feudal Age |
| 8:51 | Build | Mining Camp |
| 9:53 | Build | Barracks |
| 9:56 | Build | House |
| 9:58 | Build | Palisade Wall |
| 11:00 | Build | Farm |
| 11:01 | Build | Farm |
| 11:02 | Build | Farm |
| 11:21 | Age | Feudal Age |
| 12:16 | Build | Blacksmith |
| 13:21 | Create | Villager (Male) |
| 13:21 | Create | Villager (Male) |
| 13:39 | Build | House |
| 13:46 | Build | Palisade Wall |
| 13:59 | Build | Archery Range |
| 14:14 | Build | Farm |
| 14:21 | Build | Palisade Wall |
| 14:28 | Build | Palisade Wall |
| 14:35 | Research | Castle Age |
| 15:11 | Build | Palisade Wall |
| 15:41 | Build | House |
| 15:56 | Build | House |
| 16:14 | Build | Palisade Wall |
| 16:45 | Build | Palisade Gate |
| 16:51 | Build | Farm |
| 17:05 | Build | Archery Range |
| 17:15 | Age | Castle Age |
| 17:18 | Create | Cavalry Archer |
| 17:18 | Create | Cavalry Archer |
| 17:24 | Create | Villager (Male) |
| 17:25 | Create | Villager (Male) |
| 17:43 | Create | Villager (Male) |
| 17:46 | Research | Double-Bit Axe |
| 18:04 | Create | Cavalry Archer ×2 |
| 18:04 | Create | Cavalry Archer ×2 |
| 18:08 | Create | Villager (Male) |
| 18:22 | Build | House |
| 18:24 | Build | Palisade Wall |
| 18:45 | Create | Cavalry Archer |
| 19:17 | Create | Cavalry Archer |
| 19:18 | Create | Cavalry Archer |
| 19:18 | Create | Villager (Male) |
| 19:18 | Create | Villager (Male) |
| 19:19 | Create | Villager (Male) |
| 19:22 | Create | Villager (Male) |
| 19:32 | Build | Town Center |
| 19:58 | Create | Cavalry Archer |
| 19:58 | Create | Cavalry Archer |
| 19:59 | Create | Villager (Male) |
| 19:59 | Create | Villager (Male) |
| 20:17 | Create | Villager (Male) |
| 20:17 | Create | Villager (Male) |
| 20:19 | Create | Villager (Male) |
| 20:25 | Build | Farm |
| 20:50 | Create | Villager (Male) |
| 20:56 | Research | Padded Archer Armor |
| 21:11 | Research | Fletching |
| 21:11 | Create | Villager (Male) |
| 21:22 | Build | Stable |
| 21:37 | Create | Villager (Male) |
| 22:05 | Research | Husbandry |
| 22:11 | Create | Cavalry Archer ×5 |
| 22:11 | Create | Cavalry Archer ×5 |
| 22:20 | Create | Villager (Male) |
| 22:35 | Build | Farm |
| 22:36 | Create | Villager (Male) |
| 22:43 | Build | Farm |
| 22:43 | Build | Farm |
| 22:43 | Build | Farm |
| 22:51 | Build | Farm |
| 23:09 | Create | Villager (Male) |
| 23:09 | Create | Villager (Male) |
| 23:11 | Create | Villager (Male) |
| 23:11 | Create | Villager (Male) |
| 23:51 | Research | Leather Archer Armor |
| 23:51 | Create | Villager (Male) |
| 24:55 | Create | Cavalry Archer |
| 24:55 | Create | Cavalry Archer |
| 24:56 | Create | Cavalry Archer |
| 24:56 | Create | Cavalry Archer |
| 24:56 | Create | Cavalry Archer |
| 25:26 | Research | Bodkin Arrow |
| 25:26 | Create | Villager (Male) |
| 25:26 | Create | Villager (Male) |
| 25:27 | Create | Villager (Male) |
| 25:27 | Create | Villager (Male) |
| 26:37 | Research | Bloodlines |
| 26:39 | Build | House |
| 26:40 | Build | House |
| 26:40 | Build | House |
| 26:40 | Build | House |
| 26:41 | Build | House |
| 26:41 | Build | House |
| 26:41 | Build | House |
| 26:42 | Build | House |
| 26:42 | Build | House |
| 26:43 | Build | House |
Build order — cdb
First 150 of 364 actions detected
| 0:01 | Create | Villager (Male) ×4 |
| 0:04 | Build | House |
| 0:06 | Build | House |
| 1:25 | Create | Villager (Male) |
| 1:53 | Build | Settlement |
| 2:09 | Create | Villager (Male) |
| 2:22 | Create | Villager (Male) |
| 2:42 | Research | Loom |
| 2:55 | Create | Villager (Male) |
| 3:20 | Create | Villager (Male) |
| 3:40 | Create | Villager (Male) |
| 3:53 | Build | Settlement |
| 4:42 | Create | Villager (Male) ×2 |
| 5:08 | Create | Villager (Male) |
| 5:38 | Create | Villager (Male) ×2 |
| 5:50 | Create | Villager (Male) ×2 |
| 6:05 | Build | Barracks |
| 6:10 | Create | Villager (Male) |
| 6:49 | Create | Villager (Male) |
| 7:18 | Build | Settlement |
| 7:26 | Create | Villager (Male) ×4 |
| 7:29 | Build | Settlement |
| 8:05 | Research | Feudal Age |
| 8:25 | Create | Unit 2550 ×2 |
| 8:49 | Build | Outpost |
| 9:25 | Build | Settlement |
| 9:37 | Create | Unit 2550 |
| 10:10 | Create | Villager (Male) |
| 10:15 | Age | Feudal Age |
| 10:18 | Research | Tech 1402 |
| 10:26 | Create | Villager (Male) |
| 10:29 | Build | Blacksmith |
| 11:04 | Create | Unit 2550 ×5 |
| 11:05 | Create | Villager (Male) |
| 11:06 | Create | Villager (Male) |
| 11:39 | Create | Villager (Male) |
| 11:41 | Build | Farm |
| 11:41 | Build | Farm |
| 11:41 | Build | Farm |
| 11:41 | Build | Farm |
| 11:41 | Build | Farm |
| 12:07 | Build | Farm |
| 12:15 | Build | Outpost |
| 13:03 | Create | Villager (Male) |
| 13:04 | Create | Villager (Male) |
| 13:05 | Build | Farm |
| 13:19 | Build | Farm |
| 13:32 | Build | House |
| 13:33 | Build | House |
| 13:40 | Build | Outpost |
| 13:42 | Research | Town Watch |
| 13:56 | Create | Villager (Male) |
| 14:08 | Create | Villager (Male) |
| 14:19 | Build | Farm |
| 14:20 | Build | Farm |
| 14:45 | Research | Scale Mail Armor |
| 14:46 | Build | Farm |
| 14:48 | Build | Farm |
| 15:09 | Create | Villager (Male) |
| 15:12 | Build | Farm |
| 15:23 | Build | Outpost |
| 15:31 | Create | Unit 2550 |
| 15:31 | Create | Unit 2550 |
| 15:52 | Create | Villager (Male) |
| 16:16 | Build | Farm |
| 16:16 | Build | Farm |
| 16:17 | Build | Farm |
| 16:17 | Build | Farm |
| 16:19 | Build | Farm |
| 16:20 | Build | Farm |
| 16:30 | Create | Villager (Male) |
| 16:38 | Research | Horse Collar |
| 16:53 | Create | Villager (Male) |
| 16:58 | Build | House |
| 17:05 | Create | Spearman |
| 17:06 | Create | Spearman |
| 17:19 | Build | Farm |
| 17:38 | Create | Villager (Male) |
| 17:38 | Create | Villager (Male) |
| 18:19 | Build | Barracks |
| 18:22 | Create | Villager (Male) |
| 19:06 | Build | Farm |
| 19:08 | Create | Villager (Male) |
| 19:13 | Build | Market |
| 19:45 | Build | Settlement |
| 20:11 | Build | Watch Tower |
| 20:18 | Build | House |
| 20:18 | Create | Villager (Male) |
| 20:25 | Build | House |
| 20:26 | Build | House |
| 20:27 | Build | Palisade Wall |
| 20:41 | Research | Castle Age |
| 20:43 | Create | Unit 2550 ×2 |
| 21:01 | Create | Unit 2550 |
| 21:40 | Create | Unit 2550 |
| 21:40 | Create | Unit 2550 |
| 21:46 | Build | Barracks |
| 21:54 | Create | Unit 2550 |
| 22:09 | Research | Double-Bit Axe |
| 22:42 | Research | Forging |
| 22:53 | Create | Unit 2550 |
| 23:23 | Age | Castle Age |
| 23:44 | Research | Tech 1351 |
| 23:52 | Build | House |
| 23:56 | Build | House |
| 23:58 | Build | Palisade Wall |
| 24:07 | Create | Unit 2550 |
| 24:07 | Create | Unit 2550 |
| 24:54 | Research | Squires |
| 24:54 | Create | Unit 2550 |
| 25:29 | Build | Farm |
| 25:40 | Build | Town Center |
| 25:43 | Create | Unit 2550 ×3 |
| 26:02 | Create | Villager (Male) |
| 26:48 | Create | Villager (Male) |
| 26:53 | Create | Unit 2550 ×2 |
| 27:27 | Create | Unit 2550 |
| 27:46 | Create | Villager (Male) |
| 27:46 | Create | Villager (Male) |
| 27:53 | Build | Town Center |
| 28:01 | Create | Unit 2550 |
| 28:21 | Create | Villager (Male) |
| 28:57 | Create | Villager (Male) |
| 28:58 | Create | Villager (Male) |
| 28:58 | Create | Villager (Male) |
| 29:48 | Create | Villager (Male) |
| 29:48 | Create | Villager (Male) |
| 30:05 | Create | Villager (Male) |
| 30:06 | Create | Villager (Male) |
| 30:28 | Build | Farm |
| 30:30 | Create | Villager (Male) |
| 30:30 | Create | Villager (Male) |
| 30:38 | Create | Villager (Male) |
| 30:39 | Create | Villager (Male) |
| 30:49 | Build | Farm |
| 30:51 | Build | Farm |
| 31:11 | Create | Villager (Male) |
| 31:11 | Create | Villager (Male) |
| 31:15 | Build | Farm |
| 31:19 | Build | Farm |
| 31:19 | Build | Farm |
| 31:21 | Create | Villager (Male) |
| 31:21 | Create | Villager (Male) |
| 31:39 | Create | Villager (Male) |
| 31:39 | Create | Villager (Male) |
| 32:04 | Create | Villager (Male) |
| 32:04 | Create | Villager (Male) |
| 32:05 | Create | Villager (Male) |
| 32:09 | Build | Farm |
| 32:15 | Create | Villager (Male) |
Build order — 藍朽
First 150 of 311 actions detected
| 0:03 | Create | Villager (Male) |
| 0:04 | Research | Loom |
| 0:09 | Build | House |
| 0:18 | Build | House |
| 0:20 | Create | Villager (Male) |
| 0:20 | Create | Villager (Male) |
| 0:28 | Create | Villager (Male) |
| 0:28 | Create | Villager (Male) |
| 1:46 | Create | Villager (Male) |
| 2:25 | Create | Villager (Male) |
| 2:32 | Build | Barracks |
| 2:47 | Create | Villager (Male) |
| 2:47 | Create | Villager (Male) |
| 3:07 | Build | House |
| 3:16 | Create | Villager (Male) |
| 3:16 | Create | Villager (Male) |
| 3:39 | Create | Militia |
| 4:03 | Create | Villager (Male) |
| 4:24 | Create | Villager (Male) |
| 5:04 | Create | Militia |
| 5:12 | Create | Villager (Male) |
| 5:12 | Create | Villager (Male) |
| 5:13 | Create | Villager (Male) |
| 5:41 | Create | Villager (Male) |
| 5:42 | Create | Villager (Male) |
| 5:52 | Create | Villager (Male) |
| 5:53 | Create | Villager (Male) |
| 6:15 | Build | Mining Camp |
| 6:19 | Create | Villager (Male) |
| 6:19 | Create | Villager (Male) |
| 6:20 | Create | Villager (Male) |
| 7:25 | Build | House |
| 7:49 | Create | Militia |
| 7:50 | Create | Militia |
| 8:08 | Create | Villager (Male) |
| 8:34 | Create | Villager (Male) |
| 8:45 | Build | House |
| 8:49 | Build | House |
| 9:23 | Build | Mill |
| 9:54 | Create | Villager (Male) |
| 10:10 | Create | Villager (Male) |
| 10:15 | Build | Lumber Camp |
| 10:22 | Create | Villager (Male) |
| 10:55 | Create | Villager (Male) |
| 11:01 | Build | Mill |
| 11:11 | Build | Palisade Wall |
| 11:20 | Build | House |
| 11:22 | Create | Villager (Male) |
| 12:17 | Create | Villager (Male) |
| 12:50 | Research | Feudal Age |
| 13:08 | Build | Palisade Wall |
| 13:25 | Build | Mill |
| 13:55 | Create | Militia |
| 13:55 | Create | Militia |
| 13:59 | Create | Militia |
| 14:26 | Build | Palisade Wall |
| 14:28 | Build | Palisade Wall |
| 14:32 | Build | Palisade Gate |
| 14:36 | Create | Militia |
| 14:37 | Create | Militia |
| 14:45 | Build | House |
| 14:50 | Create | Villager (Male) |
| 15:00 | Age | Feudal Age |
| 15:08 | Build | Watch Tower |
| 15:15 | Build | Mining Camp |
| 15:22 | Research | Horse Collar |
| 15:25 | Create | Villager (Male) |
| 15:31 | Build | Market |
| 15:47 | Research | Man-at-Arms (upgrade) |
| 15:51 | Create | Villager (Male) |
| 16:06 | Create | Spearman |
| 16:07 | Create | Spearman |
| 16:51 | Build | Blacksmith |
| 17:00 | Build | Mill |
| 17:14 | Create | Spearman |
| 17:15 | Create | Spearman |
| 17:36 | Build | Watch Tower |
| 17:40 | Create | Villager (Male) |
| 18:21 | Create | Militia |
| 18:23 | Create | Spearman |
| 18:25 | Create | Villager (Male) |
| 18:25 | Create | Villager (Male) |
| 18:59 | Create | Villager (Male) |
| 18:59 | Create | Villager (Male) |
| 19:05 | Build | House |
| 19:17 | Create | Villager (Male) |
| 19:21 | Build | Farm |
| 19:22 | Build | Farm |
| 19:31 | Create | Spearman |
| 19:32 | Create | Spearman |
| 20:09 | Build | Farm |
| 20:46 | Research | Castle Age |
| 21:40 | Create | Spearman |
| 21:41 | Create | Spearman |
| 22:13 | Build | Lumber Camp |
| 23:01 | Research | Stone Mining |
| 23:26 | Age | Castle Age |
| 23:34 | Create | Villager (Male) |
| 23:36 | Create | Villager (Male) |
| 23:44 | Build | Town Center |
| 24:00 | Create | Spearman |
| 24:00 | Create | Spearman |
| 24:19 | Research | Forging |
| 24:22 | Research | Heavy Plow |
| 24:25 | Research | Double-Bit Axe |
| 24:39 | Create | Spearman |
| 24:40 | Create | Spearman |
| 25:08 | Create | Villager (Male) |
| 25:42 | Create | Villager (Male) |
| 25:42 | Create | Villager (Male) |
| 26:00 | Build | House |
| 26:35 | Create | Villager (Male) |
| 27:09 | Build | Castle |
| 27:48 | Build | Castle |
| 28:14 | Create | Villager (Male) |
| 28:14 | Create | Villager (Male) |
| 28:54 | Build | Mining Camp |
| 28:56 | Create | Huskarl |
| 28:56 | Create | Huskarl |
| 28:58 | Create | Spearman |
| 28:58 | Create | Spearman |
| 29:02 | Create | Villager (Male) |
| 29:07 | Build | House |
| 29:09 | Build | House |
| 29:10 | Build | House |
| 29:11 | Build | House |
| 29:14 | Build | House |
| 29:50 | Create | Huskarl |
| 29:50 | Create | Huskarl |
| 30:34 | Build | House |
| 30:35 | Build | House |
| 30:52 | Build | House |
| 30:54 | Build | House |
| 31:01 | Create | Villager (Male) |
| 31:02 | Create | Villager (Male) |
| 31:05 | Build | House |
| 31:14 | Build | Farm |
| 31:15 | Build | Farm |
| 31:16 | Build | Farm |
| 31:17 | Build | Farm |
| 31:18 | Build | Farm |
| 31:19 | Build | Farm |
| 31:21 | Build | Farm |
| 31:31 | Build | House |
| 31:32 | Build | House |
| 31:45 | Create | Villager (Male) |
| 31:47 | Build | Farm |
| 32:01 | Build | Town Center |
| 32:09 | Build | Mining Camp |
| 32:22 | Create | Villager (Male) |
Build order — tlftommy
First 150 of 577 actions detected
| 0:01 | Create | Villager (Male) |
| 0:01 | Create | Villager (Male) |
| 0:01 | Create | Villager (Male) |
| 0:01 | Create | Villager (Male) |
| 0:02 | Create | Villager (Male) |
| 0:03 | Build | House |
| 0:05 | Build | House |
| 1:23 | Create | Villager (Male) |
| 1:23 | Create | Villager (Male) |
| 1:49 | Build | Lumber Camp |
| 2:01 | Create | Villager (Male) |
| 2:01 | Create | Villager (Male) |
| 2:24 | Create | Villager (Male) |
| 2:25 | Create | Villager (Male) |
| 2:48 | Create | Villager (Male) |
| 2:49 | Create | Villager (Male) |
| 3:04 | Create | Villager (Male) |
| 3:04 | Create | Villager (Male) |
| 3:38 | Create | Villager (Male) |
| 3:38 | Create | Villager (Male) |
| 4:00 | Build | House |
| 4:15 | Create | Villager (Male) |
| 4:16 | Create | Villager (Male) |
| 4:16 | Create | Villager (Male) |
| 4:31 | Build | House |
| 5:05 | Create | Villager (Male) |
| 5:05 | Create | Villager (Male) |
| 5:25 | Create | Villager (Male) |
| 5:26 | Create | Villager (Male) |
| 5:37 | Build | Mill |
| 5:40 | Create | Villager (Male) |
| 5:42 | Create | Villager (Male) |
| 5:53 | Create | Villager (Male) |
| 5:53 | Create | Villager (Male) |
| 5:54 | Create | Villager (Male) |
| 5:56 | Create | Villager (Male) |
| 5:57 | Create | Villager (Male) |
| 6:20 | Research | Loom |
| 7:30 | Research | Feudal Age |
| 7:38 | Build | Barracks |
| 8:38 | Build | Farm |
| 8:44 | Create | Villager (Male) |
| 8:45 | Create | Villager (Male) |
| 9:16 | Build | Farm |
| 9:19 | Build | Farm |
| 9:43 | Create | Villager (Male) |
| 9:46 | Age | Feudal Age |
| 9:47 | Build | Stable |
| 10:02 | Research | Double-Bit Axe |
| 10:05 | Research | Horse Collar |
| 10:10 | Create | Villager (Male) |
| 10:16 | Build | House |
| 10:27 | Create | Scout Cavalry |
| 10:27 | Create | Scout Cavalry |
| 10:36 | Build | Farm |
| 10:39 | Create | Villager (Male) |
| 10:46 | Create | Spearman |
| 10:49 | Build | House |
| 11:03 | Create | Scout Cavalry |
| 11:05 | Create | Scout Cavalry |
| 11:07 | Create | Villager (Male) |
| 11:23 | Create | Villager (Male) |
| 11:29 | Build | Farm |
| 11:31 | Build | Farm |
| 11:56 | Build | Farm |
| 11:59 | Create | Villager (Male) |
| 12:04 | Create | Scout Cavalry |
| 12:14 | Build | Farm |
| 12:19 | Create | Villager (Male) |
| 12:24 | Build | House |
| 12:28 | Build | House |
| 12:31 | Create | Villager (Male) |
| 12:32 | Build | Farm |
| 12:34 | Create | Scout Cavalry |
| 13:23 | Create | Scout Cavalry |
| 13:23 | Create | Scout Cavalry |
| 13:31 | Create | Villager (Male) |
| 13:31 | Create | Villager (Male) |
| 13:32 | Create | Villager (Male) |
| 13:32 | Create | Villager (Male) |
| 13:37 | Build | Farm |
| 13:37 | Build | Farm |
| 13:37 | Build | Farm |
| 13:38 | Build | Farm |
| 13:39 | Build | Farm |
| 13:42 | Build | Farm |
| 13:44 | Build | Farm |
| 13:45 | Create | Villager (Male) |
| 13:55 | Build | Mining Camp |
| 13:56 | Create | Villager (Male) |
| 15:12 | Create | Scout Cavalry |
| 15:12 | Create | Scout Cavalry |
| 15:13 | Create | Scout Cavalry |
| 15:14 | Create | Villager (Male) |
| 15:14 | Create | Villager (Male) |
| 15:19 | Build | Farm |
| 15:19 | Build | Farm |
| 15:20 | Build | Farm |
| 15:20 | Build | Farm |
| 15:35 | Create | Villager (Male) |
| 15:42 | Build | Farm |
| 15:45 | Build | Farm |
| 16:04 | Create | Villager (Male) |
| 16:08 | Create | Scout Cavalry |
| 16:09 | Create | Villager (Male) |
| 16:12 | Build | Farm |
| 16:26 | Create | Scout Cavalry |
| 16:28 | Build | Stable |
| 16:41 | Build | Blacksmith |
| 16:49 | Build | House |
| 17:17 | Research | Bloodlines |
| 17:18 | Create | Scout Cavalry |
| 17:26 | Create | Villager (Male) |
| 17:27 | Create | Villager (Male) |
| 17:31 | Build | Farm |
| 17:36 | Create | Scout Cavalry |
| 17:50 | Create | Villager (Male) |
| 17:54 | Create | Villager (Male) |
| 18:11 | Build | Farm |
| 18:13 | Build | Farm |
| 18:16 | Build | House |
| 18:17 | Build | House |
| 18:20 | Build | Farm |
| 18:21 | Build | Farm |
| 18:25 | Build | Mill |
| 18:31 | Create | Scout Cavalry |
| 18:35 | Create | Scout Cavalry |
| 19:11 | Create | Villager (Male) |
| 19:12 | Create | Villager (Male) |
| 19:15 | Build | Farm |
| 19:18 | Create | Villager (Male) |
| 19:28 | Build | House |
| 19:30 | Build | House |
| 19:48 | Research | Scale Barding Armor |
| 20:15 | Create | Villager (Male) |
| 21:00 | Research | Castle Age |
| 21:01 | Research | Castle Age |
| 21:11 | Build | Farm |
| 21:12 | Build | Farm |
| 21:17 | Create | Scout Cavalry |
| 21:17 | Create | Scout Cavalry |
| 22:24 | Create | Villager (Male) |
| 22:24 | Create | Villager (Male) |
| 22:26 | Create | Scout Cavalry |
| 22:26 | Create | Scout Cavalry |
| 22:27 | Create | Scout Cavalry |
| 22:27 | Create | Scout Cavalry |
| 22:27 | Create | Scout Cavalry |
| 22:28 | Create | Scout Cavalry |
| 22:37 | Research | Gold Mining |
Match timeline
| 2:32 | 藍朽 · first_building Barracks |
| 5:11 | cnyang · wall_segment Palisade Wall x2 |
| 5:34 | cnyang · wall_segment Palisade Wall x1 |
| 5:52 | cnyang · wall_segment Palisade Wall x1 |
| 6:05 | cdb · first_building Barracks |
| 6:19 | cnyang · wall_segment Palisade Wall x1 |
| 6:21 | cnyang · wall_segment Palisade Wall x1 |
| 6:29 | cnyang · wall_segment Palisade Wall x1 |
| 6:33 | cnyang · wall_segment Palisade Wall x1 |
| 6:34 | cnyang · wall_segment Palisade Wall x1 |
| 6:35 | cnyang · wall_segment Palisade Wall x1 |
| 6:36 | cnyang · wall_segment Palisade Wall x1 |
| 6:42 | cnyang · wall_segment Palisade Wall x1 |
| 6:54 | cnyang · wall_segment Palisade Wall x1 |
| 7:10 | cnyang · wall_segment Palisade Wall x2 |
| 7:38 | tlftommy · first_building Barracks |
| 7:50 | cnyang · wall_segment Palisade Wall x1 |
| 7:52 | cnyang · wall_segment Palisade Wall x1 |
| 7:54 | cnyang · wall_segment Palisade Wall x1 |
| 7:56 | cnyang · wall_segment Palisade Wall x1 |
| 7:56 | matt.rielly.lewis · first_building Barracks |
| 7:58 | cnyang · wall_segment Palisade Wall x1 |
| 8:01 | cnyang · wall_segment Palisade Wall x1 |
| 8:49 | pong0109 · first_building Barracks |
| 9:46 | tlftommy · age_up feudal |
| 9:47 | tlftommy · first_building Stable |
| 9:53 | aykc · first_building Barracks |
| 9:58 | aykc · wall_segment Palisade Wall x9 |
| 10:15 | cdb · age_up feudal |
| 10:19 | pong0109 · age_up feudal |
| 10:31 | pong0109 · wall_segment Palisade Wall x11 |
| 10:52 | cnyang · age_up feudal |
| 11:11 | 藍朽 · wall_segment Palisade Wall x6 |
| 11:16 | pong0109 · first_building Stable |
| 11:21 | Scipper · first_building Barracks |
| 11:21 | aykc · age_up feudal |
| 11:25 | matt.rielly.lewis · age_up feudal |
| 11:28 | cnyang · first_building Stable |
| 11:44 | matt.rielly.lewis · wall_segment Palisade Wall x4 |
| 12:20 | Scipper · age_up feudal |
| 12:23 | Scipper · first_building Archery Range |
| 13:05 | matt.rielly.lewis · first_building Stable |
| 13:08 | 藍朽 · wall_segment Palisade Wall x4 |
| 13:46 | aykc · wall_segment Palisade Wall x4 |
| 13:59 | aykc · first_building Archery Range |
| 14:21 | aykc · wall_segment Palisade Wall x1 |
| 14:26 | 藍朽 · wall_segment Palisade Wall x2 |
| 14:28 | aykc · wall_segment Palisade Wall x1 |
| 14:28 | 藍朽 · wall_segment Palisade Wall x10 |
| 15:00 | 藍朽 · age_up feudal |
| 15:11 | aykc · wall_segment Palisade Wall x2 |
| 15:13 | cnyang · wall_segment Palisade Wall x1 |
| 15:19 | cnyang · wall_segment Palisade Wall x1 |
| 16:14 | aykc · wall_segment Palisade Wall x5 |
| 16:48 | 藍朽 · first_market_sell 100 wood |
| 17:15 | aykc · age_up castle |
| 17:23 | 藍朽 · first_market_buy 100 food |
| 17:42 | pong0109 · wall_segment Palisade Wall x5 |
| 18:24 | aykc · wall_segment Palisade Wall x1 |
| 20:19 | pong0109 · wall_segment Palisade Wall x6 |
| 20:20 | matt.rielly.lewis · age_up castle |
| 20:27 | cdb · wall_segment Palisade Wall x2 |
| 20:39 | cdb · first_market_buy 100 food |
| 21:22 | aykc · first_building Stable |
| 22:29 | pong0109 · wall_segment Stone Wall x1 |
| 22:30 | cnyang · wall_segment Palisade Wall x1 |
| 22:32 | cnyang · wall_segment Palisade Wall x1 |
| 22:46 | cnyang · wall_segment Palisade Wall x1 |
| 22:51 | cnyang · wall_segment Palisade Wall x1 |
| 23:23 | cdb · age_up castle |
| 23:26 | 藍朽 · age_up castle |
| 23:41 | tlftommy · age_up castle |
| 23:41 | pong0109 · wall_segment Stone Wall x1 |
| 23:58 | cdb · wall_segment Palisade Wall x1 |
| 25:58 | cnyang · age_up castle |
| 27:09 | 藍朽 · first_building Castle |
| 28:10 | Scipper · wall_segment Palisade Wall x8 |
| 28:19 | Scipper · age_up castle |
| 28:59 | Scipper · first_building Castle |
| 29:00 | pong0109 · age_up castle |
| 29:40 | cnyang · first_building Castle |
| 29:45 | cnyang · wall_segment Palisade Wall x1 |
| 29:49 | Scipper · wall_segment Stone Wall x4 |
| 30:24 | Scipper · first_building Siege Workshop |
| 31:07 | cnyang · first_market_sell 100 food |
| 31:20 | pong0109 · first_building Siege Workshop |
| 32:31 | cnyang · wall_segment Palisade Wall x1 |
| 32:35 | aykc · first_building Castle |
| 32:41 | Scipper · wall_segment Stone Wall x7 |
| 32:43 | cdb · first_building Castle |
| 33:32 | aykc · wall_segment Palisade Wall x1 |
| 33:34 | cnyang · wall_segment Stone Wall x13 |
| 33:39 | aykc · wall_segment Palisade Wall x1 |
| 34:33 | cnyang · age_up imperial |
| 34:35 | 藍朽 · first_building Siege Workshop |
| 34:47 | cnyang · first_market_buy 100 wood |
| 37:51 | cnyang · wall_segment Palisade Wall x2 |
| 37:52 | tlftommy · first_building Castle |
| 37:55 | cnyang · wall_segment Palisade Wall x1 |
| 38:07 | matt.rielly.lewis · first_building Monastery |
| 38:09 | matt.rielly.lewis · first_building Siege Workshop |
| 38:55 | 藍朽 · first_building Monastery |
| 39:28 | cnyang · tribute_sent a jugador 1 |
| 39:28 | cnyang · tribute_sent a jugador 3 |
| 39:28 | cnyang · tribute_sent a jugador 4 |
| 39:28 | cnyang · tribute_sent a jugador 5 |
| 39:28 | cnyang · tribute_sent a jugador 6 |
| 39:28 | cnyang · tribute_sent a jugador 7 |
| 39:28 | cnyang · tribute_sent a jugador 8 |
| 40:13 | aykc · age_up imperial |
| 42:18 | matt.rielly.lewis · first_market_sell 100 wood |
| 42:29 | matt.rielly.lewis · age_up imperial |
| 43:15 | tlftommy · first_market_buy 100 stone |
| 44:14 | aykc · first_building Siege Workshop |
| 45:52 | tlftommy · first_market_sell 500 wood |
| 45:56 | Scipper · age_up imperial |
| 48:38 | aykc · resign |
[ AI ANALYSIS · 1 CREDIT ]
What really happened in this match?
Wolo.gg analyzes every decision: build order, eco, micro, common mistakes by bracket. Personalized analysis on WhatsApp or Discord in 30 seconds.
Civ guide
Romans
Perfil
Jugador #1689821